 Dungeon Crawl Stone Soup version 0.23-a0-767-gdc19b93d68 (webtiles) character file.

79 Infinimo the Skirmisher (level 4, -1/35 HPs)
             Began as a Demonspawn Berserker on Jan 23, 2019.
             Was a Believer of Trog.
             Slain by an orc
             ... wielding a +0 hand axe
              (2 damage)
             ... on level 2 of the Dungeon.
             The game lasted 00:02:02 (2062 turns).

Infinimo the Skirmisher (Demonspawn Berserker)      Turns: 2062, Time: 00:02:03

Health: -1/35      AC:  0    Str: 18    XL:     4   Next: 16%
Magic:  4/4        EV: 20    Int:  9    God:    Trog [**....]
Gold:   47         SH:  0    Dex: 17    Spells: 3/3 levels left

rFire    . . .     SeeInvis .   (weapon currently unavailable)
rCold    . . .     Gourm    .   (shield currently unavailable)
rNeg     . . .     Faith    .   (armour currently unavailable)
rPois    .         Spirit   .   (helmet currently unavailable)
rElec    .         Reflect  .   (cloak currently unavailable)
rCorr    .         Harm     .   (gloves currently unavailable)
MR       .....                  (boots currently unavailable)
Stlth    +++.......             (no amulet)
HPRegen  0.11/turn              (ring currently unavailable)
MPRegen  0.09/turn              (ring currently unavailable)

@: bat-form (expiring), flying, very quick
A: tiny, nightstalker 1
a: Berserk, Trog's Hand, Renounce Religion


You were on level 2 of the Dungeon.
You worshipped Trog.
Trog was pleased with you.
You were not hungry.
You were in bat-form.
You visited 1 branch of the dungeon, and saw 3 of its levels.

You collected 47 gold pieces.

Inventory:

Hand Weapons
 a - a +0 falchion (melded)
Armour
 b - a +0 pair of boots (melded)
 d - a +0 scale mail (melded)
Scrolls
 g - a scroll of noise {unknown}
 j - 4 scrolls of teleportation
Potions
 e - a potion of flight
 i - a potion of might {unknown}
 k - a potion of curing {unknown}
Comestibles
 c - 3 rations
 f - 11 chunks of flesh


   Skills:
 + Level 3.5 Fighting
 + Level 3.2 Long Blades
 + Level 2.5 Armour
 + Level 2.5 Dodging


You had 3 spell levels left.
You didn't know any spells.
Your spell library was empty.

Dungeon Overview and Level Annotations

Branches:
Dungeon (3/15)

Altars:
The Shining One

Annotations:
D:3 Natasha


Innate Abilities, Weirdness & Mutations

You are slightly more attuned to the shadows.


Message History

You feel less confused.
The orc is lightly wounded.
The orc is lightly wounded.
Your transformation is almost over.
The orc is lightly wounded.
The orc is lightly wounded.
The orc is lightly wounded.
The orc hits you with a +0 hand axe.
The orc is lightly wounded.
The orc hits you with a +0 hand axe.
* * * LOW HITPOINT WARNING * * *
The orc is moderately wounded.
The orc is moderately wounded.
The orc is moderately wounded.
The orc hits you with a +0 flail.
* * * LOW HITPOINT WARNING * * *
The orc is moderately wounded.
The orc is moderately wounded.
The orc hits you with a +0 hand axe.
You die...

#### #.b# #########oo#
#......##..#
##'####.....#
#♣...♣#####..#########
#.....# #..........#
#♣...♣# #..#######.# ##
#.....#####..#######.####
.#
###_####................#


You could see 2 orcs.

Vanquished Creatures
  An orc wizard (D:3)
  2 dart slugs (D:2)
  2 leopard geckos
  4 orcs (D:3)
  5 giant cockroaches
  4 goblins
  3 hobgoblins
  A ball python (D:2)
  8 bats
  4 frilled lizards
  5 kobolds
  2 rats (D:1)
41 creatures vanquished.

Notes
Turn   | Place    | Note
-------+----------+-------------------------------------------
     0 | D:1      | Infinimo the Demonspawn Berserker began the quest for the
                  | Orb.
     0 | D:1      | Reached XP level 1. HP: 18/18 MP: 1/1
   245 | D:1      | You fall through a shaft!
   269 | D:2      | Found a glowing golden altar of the Shining One.
   355 | D:2      | Gained mutation: You are slightly more attuned to the
                  | shadows. [demonic ancestry]
   355 | D:2      | Reached XP level 2. HP: 22/24 MP: 2/2
  1186 | D:2      | Reached ** piety under Trog
  1219 | D:2      | Reached XP level 3. HP: 25/29 MP: 3/3
  1947 | D:3      | Reached XP level 4. HP: 35/35 MP: 4/4
  2034 | D:3      | Noticed Natasha
  2060 | D:2      | HP: 1/35 [orc/+0 flail (6)]
  2062 | D:2      | Slain by an orc

Vault maps used:
D:1:      dpeg_arrival_arbitrary_b
D:2:      tso_altar
D:3:      nicolae_overflow_hidden_temple, lemuel_tele_altar,
          uniq_crazy_yiuf_cottage, uniq_natasha

Skill      XL: |  1  2 |
---------------+-------+-----
Armour         | 2 |  2.5
Dodging        | 2 |  2.5
Long Blades    | 3 |  3.2
Fighting       | |  3.5

Action                   |  1- 3 |  4- 6 || total
-------------------------+-------+-------++-------
Melee: Falchion          |   103 |    17 ||   120
       Unarmed           |       |    21 ||    21
Invok: Berserk           |     1 |       ||     1
  Use: Scroll            |     3 |       ||     3
       Potion            |       |     1 ||     1
 Stab: Sleeping          |     1 |       ||     1
  Eat: Chunk             |     3 |     2 ||     5
Armor: Animal skin       |    22 |       ||    22
       Scale mail        |    21 |    12 ||    33
Dodge: Dodged            |    51 |    40 ||    91
       Rpst.: Falchion   |    16 |     3 ||    19

Table legend:
 A = Non-vault XP
 B = Vault XP
 C = Vault XP percentage of total XP
 D = Non-vault monster count
 E = Vault monster count
 F = Vault count percentage of total count
                 A         B        C        D         E       F
            +---------+---------+-------+---------+---------+-------
      Total |     113 |       0 |   0.0 |      41 |       0 |   0.0
            +---------+---------+-------+---------+---------+-------
        D:1 |      22 |       0 |   0.0 |      16 |       0 |   0.0
        D:2 |      30 |       0 |   0.0 |      16 |       0 |   0.0
        D:3 |      61 |       0 |   0.0 |       9 |       0 |   0.0
            +---------+---------+-------+---------+---------+-------
